Workbook

Sheet Orçamento
A1: MELIM Engenharia e Construtora Ltda.
A2: Av.: Jardim Panorama, 357 - Sumaré - Fone:(47)999886066
A3: 89.165-726 - Rio do Sul - S.C. - CREA/SC nº 062.634-6
A4: CNPJ nº05.309.557/0001-22 I.E. nº 254.468.250
A5: e-mail:melimconstrutora@gmail.com
A8: Propritário: PREFEITURA MUNICIPAL DE VIDAL RAMOS
A9: Obra:CONSTRUÇÃO DO CENTRO DE CONVIVENCIA DO IDOSO | G9: Data: 22/12/25 | K9: B.D.I.
A10: Endereço: RODOVIA SC 110 - VIDAL RAMOS/SC | G10: B.D.I.: 23,31% | K10: 1.2331
A13: ORÇAMENTO
A14: ITEM | B14: SINAPI | C14: SERVIÇO/INSUMO | D14: UNID. | E14: QUANT. | F14: PREÇO UNIT. S/ BDI | G14: PREÇO UNIT. C/ BDI | H14: PREÇO TOTAL
A15: 1 | C15: SERVIÇOS INICIAIS | H15: =SUM(H16:H21) -> 32357.65
A16: 1.1 | B16: 103689 | C16: FORNECIMENTO E INSTALAÇÃO DE PLACA DE OBRA COM CHAPA GALVANIZADA E ESTRUTURA DE MADEIRA. AF_03/2022_PS | D16: m² | E16: =1.8*3.6 -> 6.48 | F16: 463.33 | G16: =ROUND(F16*L16,2) -> 571.33 | H16: =ROUND(G16*E16,2) -> 3702.22 | L16: =K10 -> 1.2331
A17: 1.2 | B17: 98459 | C17: TAPUME COM TELHA METÁLICA. AF_03/2024 | D17: m² | E17: =2.4*(19+4+25+4) -> 124.8 | F17: 87.72 | G17: =ROUND(F17*L17,2) -> 108.17 | H17: =ROUND(G17*E17,2) -> 13499.62 | L17: =L16 -> 1.2331
A18: 1.3 | B18: 98525 | C18: LIMPEZA MECANIZADA DE CAMADA VEGETAL, VEGETAÇÃO E PEQUENAS ÁRVORES (DIÂMETRO DE TRONCO MENOR QUE 0,20 M), COM TRATOR DE ESTEIRAS. AF_03/2024 | D18: m² | E18: =(19+4)*(25+4) -> 667 | F18: 0.66 | G18: =ROUND(F18*L18,2) -> 0.81 | H18: =ROUND(G18*E18,2) -> 540.27 | L18: =L17 -> 1.2331
A19: 1.4 | B19: 104738 | C19: ATERRO MECANIZADO DE VALA COM MINICARREGADEIRA, COM SOLO ARGILO-ARENOSO. AF_08/2023 | D19: m³ | E19: =475*0.15 -> 71.25 | F19: 83.19 | G19: =ROUND(F19*L19,2) -> 102.58 | H19: =ROUND(G19*E19,2) -> 7308.83 | L19: =L18 -> 1.2331
A20: 1.5 | B20: 96525 | C20: ESCAVAÇÃO MECANIZADA PARA VIGA BALDRAME COM MINI-ESCAVADEIRA (INCLUINDO ESCAVAÇÃO PARA COLOCAÇÃO DE FÔRMAS). AF_01/2024 | D20: m³ | E20: =0.4*0.2*(25*3+4.2*6+3*2+2*4) -> 9.136 | F20: 58.1 | G20: =ROUND(F20*L20,2) -> 71.64 | H20: =ROUND(G20*E20,2) -> 654.5 | L20: =L19 -> 1.2331
A21: 1.6 | B21: 96520 | C21: ESCAVAÇÃO MECANIZADA PARA BLOCO DE COROAMENTO OU SAPATA COM RETROESCAVADEIRA (SEM ESCAVAÇÃO PARA COLOCAÇÃO DE FÔRMAS). AF_01/2024 | D21: m³ | E21: =(1.1*1.1*31*1.5) -> 56.265 | F21: 95.88 | G21: =ROUND(F21*L21,2) -> 118.23 | H21: =ROUND(G21*E21,2) -> 6652.21 | L21: =L18 -> 1.2331
A22: 2 | C22: INFRAESTRUTURA | H22: =SUM(H23:H28) -> 38903.76 | L22: =L21 -> 1.2331
A23: 2.1 | B23: 101174 | C23: ESTACA BROCA DE CONCRETO, DIÂMETRO DE 25CM, ESCAVAÇÃO MANUAL COM TRADO CONCHA, COM | D23: m | E23: =31*2*2 -> 124 | F23: 92.41 | G23: =ROUND(F23*L23,2) -> 113.95 | H23: =ROUND(G23*E23,2) -> 14129.8 | L23: =L22 -> 1.2331
A24: 2.2 | B24: 96535 | C24: ARMADURA DE ARRANQUE. AF_05/2020 | D24: m² | E24: =(20.98+4.44+18.36+10.66+9.65)/4 -> 16.0225 | F24: 142.93 | G24: =ROUND(F24*L24,2) -> 176.25 | H24: =ROUND(G24*E24,2) -> 2823.97 | L24: =L23 -> 1.2331
A25: 2.3 | B25: 104916 | C25: ARMAÇÃO DE SAPATA ISOLADA, VIGA BALDRAME E SAPATA CORRIDA UTILIZANDO AÇO CA-60 DE 5 MM - MONTAGEM. AF_01/2024 | D25: kg | E25: =22.6+4+14.5+9.9+7.9 -> 58.9 | F25: 16.9 | G25: =ROUND(F25*L25,2) -> 20.84 | H25: =ROUND(G25*E25,2) -> 1227.48 | L25: =L23 -> 1.2331
A26: 2.4 | B26: 104919 | C26: ARMAÇÃO DE SAPATA ISOLADA, VIGA BALDRAME E SAPATA CORRIDA UTILIZANDO AÇO CA-50 DE 10 MM - MONTAGEM. AF_01/2024 | D26: kg | E26: =156.1+31.5+149.6+73.7+73.2 -> 484.1 | F26: 12.22 | G26: =ROUND(F26*L26,2) -> 15.07 | H26: =ROUND(G26*E26,2) -> 7295.39 | L26: =L25 -> 1.2331
A27: 2.5 | B27: 104920 | C27: ARMAÇÃO DE BLOCO, SAPATA ISOLADA, VIGA BALDRAME E SAPATA CORRIDA UTILIZANDO AÇO CA-50 DE 12,5 MM - MONTAGEM. AF_01/2024 | D27: kg | E27: =77.2 -> 77.2 | F27: 10.31 | G27: =ROUND(F27*L27,2) -> 12.71 | H27: =ROUND(G27*E27,2) -> 981.21 | L27: =L26 -> 1.2331
A28: 2.6 | B28: 96558 | C28: CONCRETAGEM DE SAPATA, FCK 30 MPA, COM USO DE BOMBA - LANÇAMENTO, ADENSAMENTO E ACABAMENTO. AF_01/2024 | D28: m³ | E28: =4.42+0.61+3.46+1.34+1.58 -> 11.41 | F28: 884.59 | G28: =ROUND(F28*L28,2) -> 1090.79 | H28: =ROUND(G28*E28,2) -> 12445.91 | L28: =L27 -> 1.2331
A29: 3 | C29: SUPERESTRUTURA | H29: =SUM(H30:H40) -> 117303.22 | L29: =L28 -> 1.2331
A30: 3.1 | B30: 92411 | C30: MONTAGEM E DESMONTAGEM DE FÔRMA DE PILARES RETANGULARES E ESTRUTURAS SIMILARES, PÉ-DIREITO SIMPLES, EM MADEIRA SERRADA, 2 UTILIZAÇÕES. AF_09/2020 | D30: m² | E30: =(92.89+3.98+7.72)/2 -> 52.295 | F30: 167.27 | G30: =ROUND(F30*L30,2) -> 206.26 | H30: =ROUND(G30*E30,2) -> 10786.37 | L30: =L29 -> 1.2331
A31: 3.2 | B31: 92451 | C31: MONTAGEM E DESMONTAGEM DE FÔRMA DE VIGA, ESCORAMENTO COM GARFO DE MADEIRA, PÉ-DIREITO SIMPLES, EM CHAPA DE MADEIRA RESINADA, 2 UTILIZAÇÕES. AF_09/2020 | D31: m² | E31: =(123.05+35.52+117.74+30.96+13.62+15.36)/2 -> 168.125 | F31: 211.64 | G31: =ROUND(F31*L31,2) -> 260.97 | H31: =ROUND(G31*E31,2) -> 43875.58 | L31: =L30 -> 1.2331
A32: 3.3 | B32: 92759 | C32: ARMAÇÃO DE PILAR OU VIGA DE ESTRUTURA CONVENCIONAL DE CONCRETO ARMADO UTILIZANDO AÇO CA-60 DE 5,0 MM - MONTAGEM. AF_06/2022 | D32: Kg | E32: =127.6+125+37.6+119.8+32.1+9+15.3+15.6+13.8 -> 495.8 | F32: 13.98 | G32: =ROUND(F32*L32,2) -> 17.24 | H32: =ROUND(G32*E32,2) -> 8547.59 | L32: =L31 -> 1.2331
A33: 3.4 | B33: 92761 | C33: ARMAÇÃO DE PILAR OU VIGA DE ESTRUTURA CONVENCIONAL DE CONCRETO ARMADO UTILIZANDO AÇO CA-50 DE 8,0 MM - MONTAGEM. AF_06/2022 | D33: kg | E33: =48.3+1.6+4.8+29.4 -> 84.1 | F33: 11.73 | G33: =ROUND(F33*L33,2) -> 14.46 | H33: =ROUND(G33*E33,2) -> 1216.09 | L33: =L32 -> 1.2331
A34: 3.5 | B34: 92762 | C34: ARMAÇÃO DE PILAR OU VIGA DE ESTRUTURA CONVENCIONAL DE CONCRETO ARMADO UTILIZANDO AÇO CA-50 DE 10,0 MM - MONTAGEM. AF_06/2022 | D34: kg | E34: =197.7+231.8+105.1+300.7+50.1+16.2+59.3+52.3+29.4 -> 1042.6 | F34: 10.34 | G34: =ROUND(F34*L34,2) -> 12.75 | H34: =ROUND(G34*E34,2) -> 13293.15 | L34: =L29 -> 1.2331
A35: 3.8 | B35: 92763 | C35: ARMAÇÃO DE PILAR OU VIGA DE ESTRUTURA CONVENCIONAL DE CONCRETO ARMADO UTILIZANDO AÇO CA-50 DE 12,5 MM - MONTAGEM. AF_06/2022 | D35: kg | E35: =161.8+129.4+9 -> 300.2 | F35: 8.6 | G35: =ROUND(F35*L35,2) -> 10.6 | H35: =ROUND(G35*E35,2) -> 3182.12 | L35: =L30 -> 1.2331
A36: 3.9 | B36: 92760 | C36: ARMAÇÃO DE PILAR OU VIGA DE ESTRUTURA CONVENCIONAL DE CONCRETO ARMADO UTILIZANDO AÇO CA-50 DE 6,3 MM - MONTAGEM. AF_06/2022 | D36: kg | E36: =6.3+1.8+15.8+1.6+1.6 -> 27.1 | F36: 12.8 | G36: =ROUND(F36*L36,2) -> 15.78 | H36: =ROUND(G36*E36,2) -> 427.64 | L36: =L31 -> 1.2331
A37: 3.10 | B37: 103670 | C37: CONCRETAGEM DE PILARES, FCK = 25 MPA, COM USO DE BOMBA - LANÇAMENTO, ADENSAMENTO E ACABAMENTO. AF_02/2022 | D37: m³ | E37: =5.25+0.24+0.44 -> 5.93 | F37: 763.36 | G37: =ROUND(F37*L37,2) -> 941.3 | H37: =ROUND(G37*E37,2) -> 5581.91 | L37: =L32 -> 1.2331
B38: 106068 | C38: LAJE PRÉ-MOLDADA UNIDIRECIONAL, BIAPOIADA TIPO LAJE PAINEL TRELIÇADO NERVURADO (COM ENCHIMENTO EM EPS), PARA PISO, ALTURA TOTAL DA LAJE "LT" = 12 CM (PAINEL+ENCHIMENTO+CAPA) = (3+5+4). AF_08/2025 | D38: m² | E38: =4.85*4.2 -> 20.37 | F38: 268.79 | G38: =ROUND(F38*L38,2) -> 331.44 | H38: =ROUND(G38*E38,2) -> 6751.43 | L38: =L33 -> 1.2331
A39: 3.11 | B39: 101793 | C39: ESCORAMENTO DE FÔRMAS DE LAJE EM MADEIRA NÃO APARELHADA, PÉ-DIREITO DUPLO, INCLUSO TRAVAMENTO, 4 UTILIZAÇÕES. AF_09/2020 | D39: m3 | E39: =4.85*4.2*4.5 -> 91.665 | F39: 28.63 | G39: =ROUND(F39*L39,2) -> 35.3 | H39: =ROUND(G39*E39,2) -> 3235.77 | L39: =L34 -> 1.2331
A40: 3.12 | B40: 103674 | C40: CONCRETAGEM DE VIGAS E LAJES, FCK=25 MPA, PARA LAJES PREMOLDADAS COM USO DE BOMBA - LANÇAMENTO, ADENSAMENTO E ACABAMENTO. AF_02/2022_PS | D40: m³ | E40: =(4.85*4.2*0.08)+0.93+7.18+1.84+2.11+7.32 -> 21.0096 | F40: 787.65 | G40: =ROUND(F40*L40,2) -> 971.25 | H40: =ROUND(G40*E40,2) -> 20405.57 | L40: =L31 -> 1.2331
A41: 4 | C41: ALVENARIA/REVESTIMENTOS VERTICAIS | H41: =SUM(H42:H50) -> 132024.96 | L41: =L32 -> 1.2331
A42: 4.1 | B42: 103324 | C42: ALVENARIA DE VEDAÇÃO DE BLOCOS CERÂMICOS FURADOS NA VERTICAL DE 14X19X39 CM (ESPESSURA 14 CM) E ARGAMASSA DE ASSENTAMENTO COM PREPARO EM BETONEIRA. AF_12/2021 | D42: m² | E42: =(3.5*(19*2+25*3+3.9*5+3.7+2.1+2*4))-((0.5*6+1+2.1*2+2.2+1.26*7+1.89*8+1.89+11.4*2)) -> 453.02 | F42: 92.17 | G42: =ROUND(F42*L42,2) -> 113.65 | H42: =ROUND(G42*E42,2) -> 51485.72 | L42: =L41 -> 1.2331
A43: 4.2 | B43: 87878 | C43: CHAPISCO APLICADO EM ALVENARIAS E ESTRUTURAS DE CONCRETO INTERNAS, COM COLHER DE PEDREIRO. ARGAMASSA TRAÇO 1:3 COM PREPARO MANUAL. AF_10/2022 | D43: m² | E43: =E42*2 -> 906.04 | F43: 5.49 | G43: =ROUND(F43*L43,2) -> 6.77 | H43: =ROUND(G43*E43,2) -> 6133.89 | L43: =L42 -> 1.2331
A44: 4.3 | B44: 104951 | C44: MASSA ÚNICA, EM ARGAMASSA TRAÇO 1:2:8, PREPARO MECÂNICO, APLICADA MANUALMENTE EM PAREDES INTERNAS DE AMBIENTES COM ÁREA MAIOR QUE 10M², E = 17,5MM, COM TALISCAS. AF_03/2024 | D44: m² | E44: =E43 -> 906.04 | F44: 36.38 | G44: =ROUND(F44*L44,2) -> 44.86 | H44: =ROUND(G44*E44,2) -> 40644.95 | L44: =L43 -> 1.2331
A45: 4.4 | B45: 87275 | C45: REVESTIMENTO CERÂMICO PARA PAREDES INTERNAS COM PLACAS TIPO ESMALTADA DE DIMENSÕES 33X45 CM APLICADAS A MEIA ALTURA DAS PAREDES. AF_02/2023_PE | D45: m² | E45: =1.5*(5.55*2-0.9*6+2*4+3.9*4+6.7*2) -> 64.05 | F45: 56.49 | G45: =ROUND(F45*L45,2) -> 69.66 | H45: =ROUND(G45*E45,2) -> 4461.72 | L45: =L44 -> 1.2331
A46: 4.5 | B46: 87273 | C46: REVESTIMENTO CERÂMICO PARA PAREDES INTERNAS COM PLACAS TIPO ESMALTADA DE DIMENSÕES 33X45 CM APLICADAS NA ALTURA INTEIRA DAS PAREDES. AF_02/2023_PE | D46: m² | E46: =3.5*(3.35*2+4.1*2-0.9*2+3.9*6-1.2*2+2*2-0.9) -> 130.2 | F46: 47.04 | G46: =ROUND(F46*L46,2) -> 58.01 | H46: =ROUND(G46*E46,2) -> 7552.9 | L46: =L45 -> 1.2331
A47: 4.6 | B47: 102257 | C47: DIVISORIA SANITÁRIA, TIPO CABINE, EM PAINEL DE GRANILITE, ESP = 3CM, ASSENTADO COM ARGAMASSA COLANTE AC III-E, EXCLUSIVE FERRAGENS. AF_01/2021 | D47: m² | E47: =1.8*(1.5*5+1*2+1.1*4) -> 25.02 | F47: 346.99 | G47: =ROUND(F47*L47,2) -> 427.87 | H47: =ROUND(G47*E47,2) -> 10705.31 | L47: =L46 -> 1.2331
A48: 4.7 | B48: 90443 | C48: RASGO LINEAR MANUAL EM ALVENARIA, PARA RAMAIS/ DISTRIBUIÇÃO DE INSTALAÇÕES HIDRÁULICAS, DIÂMETROS MENORES OU IGUAIS A 40 MM. AF_09/2023 | D48: m | E48: =5*2.8+8*3+11*0.7+1+30*2.5 -> 121.7 | F48: 9.05 | G48: =ROUND(F48*L48,2) -> 11.16 | H48: =ROUND(G48*E48,2) -> 1358.17 | L48: =L46 -> 1.2331
A49: 4.8 | B49: 90466 | C49: CHUMBAMENTO LINEAR EM ALVENARIA PARA RAMAIS/DISTRIBUIÇÃO DE INSTALAÇÕES HIDRÁULICAS COM DIÂMETROS MENORES OU IGUAIS A 40 MM. AF_09/2023 | D49: m | E49: =E48 -> 121.7 | F49: 17.43 | G49: =ROUND(F49*L49,2) -> 21.49 | H49: =ROUND(G49*E49,2) -> 2615.33 | L49: =L48 -> 1.2331
A50: 4.9 | B50: 105023 | C50: VERGA MOLDADA IN LOCO EM CONCRETO, ESPESSURA DE *15* CM. AF_03/2024 | D50: m | E50: =(1.4*2*6+2.4*2+3.4*2*2+2.4*2+1*7+1.3*8+1.3+4.2*2) -> 67.1 | F50: 85.41 | G50: =ROUND(F50*L50,2) -> 105.32 | H50: =ROUND(G50*E50,2) -> 7066.97 | L50: =L49 -> 1.2331
A51: 5 | C51: PISOS/ REVESTIMENTOS HORIZONTAIS | H51: =SUM(H52:H64) -> 94425 | L51: =L50 -> 1.2331
A52: 5.1 | B52: 87730 | C52: CONTRAPISO EM ARGAMASSA TRAÇO 1:4 (CIMENTO E AREIA), PREPARO MECÂNICO COM BETONEIRA 400 L, APLICADO EM ÁREAS SECAS SOBRE LAJE, ADERIDO, ACABAMENTO NÃO REFORÇADO, ESPESSURA 3CM. AF_07/2021 | D52: m² | E52: =E53+E54+E55 -> 92.17 | F52: 46.41 | G52: =ROUND(F52*L52,2) -> 57.23 | H52: =ROUND(G52*E52,2) -> 5274.89 | L52: =L51 -> 1.2331
A53: 5.2 | B53: 87251 | C53: REVESTIMENTO CERÂMICO PARA PISO COM PLACAS TIPO ESMALTADA DE DIMENSÕES 45X45 CM APLICADA EM AMBIENTES DE ÁREA MAIOR QUE 10 M2. AF_02/2023_PE | D53: m² | E53: =15.99+13.07+21.51+17.02 -> 67.59 | F53: 47.04 | G53: =ROUND(F53*L53,2) -> 58.01 | H53: =ROUND(G53*E53,2) -> 3920.9 | L53: =L52 -> 1.2331
A54: 5.3 | B54: 87250 | C54: REVESTIMENTO CERÂMICO PARA PISO COM PLACAS TIPO ESMALTADA DE DIMENSÕES 45X45 CM APLICADA EM AMBIENTES DE ÁREA ENTRE 5 M2 E 10 M2. AF_02/2023_PE | D54: m² | E54: =8.78+7.8 -> 16.58 | F54: 56.49 | G54: =ROUND(F54*L54,2) -> 69.66 | H54: =ROUND(G54*E54,2) -> 1154.96 | L54: =L53 -> 1.2331
A55: 5.4 | B55: 87249 | C55: REVESTIMENTO CERÂMICO PARA PISO COM PLACAS TIPO ESMALTADA DE DIMENSÕES 45X45 CM APLICADA EM AMBIENTES DE ÁREA MENOR QUE 5 M2. AF_02/2023_PE | D55: m² | E55: =4+4 -> 8 | F55: 67.91 | G55: =ROUND(F55*L55,2) -> 83.74 | H55: =ROUND(G55*E55,2) -> 669.92 | L55: =L54 -> 1.2331
A56: 5.5 | B56: 94993 | C56: EXECUÇÃO DE PASSEIO (CALÇADA) OU PISO DE CONCRETO COM CONCRETO MOLDADO IN LOCO, USINADO, ACABAMENTO CONVENCIONAL, ESPESSURA 6 CM, ARMADO. AF_08/2022 | D56: m² | E56: =1*(27+27+19+19+1.5+1.5) -> 95 | F56: 80.39 | G56: =ROUND(F56*L56,2) -> 99.13 | H56: =ROUND(G56*E56,2) -> 9417.35 | L56: =L55 -> 1.2331
A57: 5.6 | B57: 96621 | C57: LASTRO COM MATERIAL GRANULAR, APLICAÇÃO EM BLOCOS DE COROAMENTO, ESPESSURA DE *5 CM*. AF_01/2024 | D57: m³ | E57: =E58*0.05 -> 22.431 | F57: 251.71 | G57: =ROUND(F57*L57,2) -> 310.38 | H57: =ROUND(G57*E57,2) -> 6962.13 | L57: =L54 -> 1.2331
A58: 5.7 | B58: 97083 | C58: COMPACTAÇÃO MECÂNICA DE SOLO PARA EXECUÇÃO DE RADIER, PISO DE CONCRETO OU LAJE SOBRE SOLO, COM COMPACTADOR DE SOLOS A PERCUSSÃO. AF_09/2021 | D58: m² | E58: =E52+40+9.63+300.67+6.15 -> 448.62 | F58: 3.64 | G58: =ROUND(F58*L58,2) -> 4.49 | H58: =ROUND(G58*E58,2) -> 2014.3 | L58: =L57 -> 1.2331
A59: 5.8 | B59: 97086 | C59: FABRICAÇÃO, MONTAGEM E DESMONTAGEM DE FORMA PARA RADIER, PISO DE CONCRETO OU LAJE SOBRE SOLO, EM MADEIRA SERRADA, 4 UTILIZAÇÕES. AF_09/2021 | D59: m² | E59: =(300.67+40+9.63+6.15)*0.1 -> 35.645 | F59: 182.1 | G59: =ROUND(F59*L59,2) -> 224.55 | H59: =ROUND(G59*E59,2) -> 8004.08 | L59: =L58 -> 1.2331
A60: 5.9 | B60: 97087 | C60: CAMADA SEPARADORA PARA EXECUÇÃO DE RADIER, PISO DE CONCRETO OU LAJE SOBRE SOLO, EM LONA PLÁSTICA. AF_09/2021 | D60: m² | E60: =300.67+40+9.63+6.15 -> 356.45 | F60: 2.85 | G60: =ROUND(F60*L60,2) -> 3.51 | H60: =ROUND(G60*E60,2) -> 1251.14 | L60: =L59 -> 1.2331
A61: 5.10 | B61: 97093 | C61: ARMAÇÃO PARA EXECUÇÃO DE RADIER, PISO DE CONCRETO OU LAJE SOBRE SOLO, COM USO DE TELA Q-283. AF_09/2021 | D61: m² | E61: =E60*2.2 -> 784.19 | F61: 11.64 | G61: =ROUND(F61*L61,2) -> 14.35 | H61: =ROUND(G61*E61,2) -> 11253.13 | L61: =L60 -> 1.2331
A62: 5.11 | B62: 97096 | C62: CONCRETAGEM DE RADIER, PISO DE CONCRETO OU LAJE SOBRE SOLO, FCK 30 MPA - LANÇAMENTO, ADENSAMENTO E ACABAMENTO. AF_09/2021 h=8cm | D62: m³ | E62: =E60*0.08 -> 28.516 | F62: 733.92 | G62: =ROUND(F62*L62,2) -> 905 | H62: =ROUND(G62*E62,2) -> 25806.98 | L62: =L61 -> 1.2331
A63: 5.12 | B63: 97097 | C63: ACABAMENTO POLIDO PARA PISO DE CONCRETO ARMADO OU LAJE SOBRE SOLO DE ALTA RESISTÊNCIA. AF_09/2021 | D63: m² | E63: =E60 -> 356.45 | F63: 35.98 | G63: =ROUND(F63*L63,2) -> 44.37 | H63: =ROUND(G63*E63,2) -> 15815.69 | L63: =L60 -> 1.2331
A64: 5.13 | B64: 98689 | C64: SOLEIRA EM GRANITO, LARGURA 15 CM, ESPESSURA 2,0 CM. AF_09/2020 | D64: m | E64: =0.6*7+0.9*8+0.9+3.8*2 -> 19.9 | F64: 117.35 | G64: =ROUND(F64*L64,2) -> 144.7 | H64: =ROUND(G64*E64,2) -> 2879.53 | L64: =L54 -> 1.2331
A65: 6 | C65: ESQUADRIAS | H65: =SUM(H66:H72) -> 67366.71 | L65: =L64 -> 1.2331
A66: 6.1 | B66: 94570 | C66: JANELA DE ALUMÍNIO DE CORRER COM 2 FOLHAS PARA VIDROS (VIDROS INCLUSOS), BATENTE/ REQUADRO 6 A 14 CM, ACABAMENTO COM ACETATO OU BRILHANTE, FIXAÇÃO COM PARAFUSO, SEM GUARNIÇÃO/ ALIZAR, DIMENSÕES 100X120 CM, VEDAÇÃO COM SILICONE, EXCLUSIVE CONTRAMARCO - FORNECIMENTO E INSTALAÇÃO. AF_11/2024 | D66: m² | E66: =2*1.1*1 -> 2.2 | F66: 341.62 | G66: =ROUND(F66*L66,2) -> 421.25 | H66: =ROUND(G66*E66,2) -> 926.75 | L66: =L65 -> 1.2331
A67: 6.2 | B67: 94569 | C67: JANELA DE ALUMÍNIO TIPO MAXIM-AR, BATENTE/ REQUADRO 3 A 14 CM, VIDRO INCLUSO, FIXAÇÃO COM PARAFUSO, SEM GUARNIÇÃO/ ALIZAR, SEM ACABAMENTO, VEDAÇÃO COM SILICONE, EXCLUSIVE CONTRAMARCO - FORNECIMENTO E INSTALAÇÃO. AF_11/2024 | D67: m² | E67: =1*0.5*6+2*0.5*1+3*0.7*2 -> 8.2 | F67: 648.29 | G67: =ROUND(F67*L67,2) -> 799.41 | H67: =ROUND(G67*E67,2) -> 6555.16 | L67: =L66 -> 1.2331
A68: 6.3 | B68: 91338 | C68: PORTA DE ALUMÍNIO DE ABRIR COM LAMBRI, COM GUARNIÇÃO, FIXAÇÃO COM PARAFUSOS - FORNECIMENTO E INSTALAÇÃO. AF_12/2019 | D68: m² | E68: =9*2.1*0.9+6*0.7*1.8 -> 24.57 | F68: 1311.36 | G68: =ROUND(F68*L68,2) -> 1617.04 | H68: =ROUND(G68*E68,2) -> 39730.67 | L68: =L67 -> 1.2331
A69: 6.4 | B69: 102185 | C69: PORTA DE ABRIR COM MOLA HIDRÁULICA, EM VIDRO TEMPERADO, 2 FOLHAS DE 90X210 CM, ESPESSURA DD 10MM, INCLUSIVE ACESSÓRIOS. AF_01/2021 | D69: un. | E69: 2 | F69: 3973.23 | G69: =ROUND(F69*L69,2) -> 4899.39 | H69: =ROUND(G69*E69,2) -> 9798.78 | L69: =L68 -> 1.2331
A70: 6.5 | B70: 102181 | C70: INSTALAÇÃO DE VIDRO TEMPERADO, E = 10 MM, ENCAIXADO EM PERFIL U. AF_01/2021_PS | D70: m² | E70: =0.95*2*3*2 -> 11.4 | F70: 451.39 | G70: =ROUND(F70*L70,2) -> 556.61 | H70: =ROUND(G70*E70,2) -> 6345.35 | L70: =L69 -> 1.2331
A71: 6.6 | B71: 90830 | C71: FECHADURA DE EMBUTIR COM CILINDRO, EXTERNA, COMPLETA, ACABAMENTO PADRÃO MÉDIO, INCLUSO EXECUÇÃO DE FURO - FORNECIMENTO E INSTALAÇÃO. AF_12/2019 | D71: un. | E71: 2 | F71: 198.17 | G71: =ROUND(F71*L71,2) -> 244.36 | H71: =ROUND(G71*E71,2) -> 488.72 | L71: =L70 -> 1.2331
A72: 6.8 | B72: 101965 | C72: PEITORIL LINEAR EM GRANITO OU MÁRMORE, L = 15CM, ASSENTADO COM ARGAMASSA 1:6 COM ADITIVO. AF_11/2020 | D72: m | E72: =3*2+2*2+1*6 -> 16 | F72: 178.48 | G72: =ROUND(F72*L72,2) -> 220.08 | H72: =ROUND(G72*E72,2) -> 3521.28 | L72: =L71 -> 1.2331
A73: 7 | C73: COBERTURA/FORRO | H73: =SUM(H74:H84) -> 381776.06 | L73: =L72 -> 1.2331
A74: 7.1 | B74: 100378 | C74: FABRICAÇÃO E INSTALAÇÃO DE TESOURA (INTEIRA OU MEIA) EM AÇO, VÃOS MAIORES QUE 12,0 M, INCLUSO IÇAMENTO. AF_07/2019 | D74: kg | E74: =35*475 -> 16625 | F74: 10.68 | G74: =ROUND(F74*L74,2) -> 13.17 | H74: =ROUND(G74*E74,2) -> 218951.25 | L74: =L73 -> 1.2331
A75: 7.2 | B75: 94213 | C75: TELHAMENTO COM TELHA DE AÇO/ALUMÍNIO E = 0,5 MM, COM ATÉ 2 ÁGUAS, INCLUSO IÇAMENTO. AF_07/2019 | D75: m² | E75: =27*21 -> 567 | F75: 66.05 | G75: =ROUND(F75*L75,2) -> 81.45 | H75: =ROUND(G75*E75,2) -> 46182.15 | L75: =L74 -> 1.2331
A76: 7.3 | B76: 100326 | C76: CUMEEIRA NORMAL PARA TELHA TRAPEZOIDAL DE AÇO, E = 0,5 MM, INCLUSO ACESSÓRIOS DE FIXAÇÃO E IÇAMENTO. AF_07/2019 | D76: m | E76: 27 | F76: 77.53 | G76: =ROUND(F76*L76,2) -> 95.6 | H76: =ROUND(G76*E76,2) -> 2581.2 | L76: =L75 -> 1.2331
A77: 7.4 | B77: 94231 | C77: RUFO EM CHAPA DE AÇO GALVANIZADO NÚMERO 24, CORTE DE 25 CM, INCLUSO TRANSPORTE VERTICAL. AF_07/2019 | D77: m | E77: =27*2+21*4 -> 138 | F77: 48.71 | G77: =ROUND(F77*L77,2) -> 60.06 | H77: =ROUND(G77*E77,2) -> 8288.28 | L77: =L76 -> 1.2331
A78: 7.5 | B78: 94228 | C78: CALHA EM CHAPA DE AÇO GALVANIZADO NÚMERO 24, DESENVOLVIMENTO DE 50 CM, INCLUSO TRANSPORTE VERTICAL. AF_07/2019 | D78: m | E78: =27*2 -> 54 | F78: 81.93 | G78: =ROUND(F78*L78,2) -> 101.03 | H78: =ROUND(G78*E78,2) -> 5455.62 | L78: =L77 -> 1.2331
A79: 7.6 | B79: 89578 | C79: TUBO PVC, SÉRIE R, ÁGUA PLUVIAL, DN 100 MM, FORNECIDO E INSTALADO EM CONDUTORES VERTICAIS DE ÁGUAS PLUVIAIS. AF_06/2022 | D79: m | E79: =4.5*10 -> 45 | F79: 33.22 | G79: =ROUND(F79*L79,2) -> 40.96 | H79: =ROUND(G79*E79,2) -> 1843.2 | L79: =L78 -> 1.2331
A80: 7.7 | B80: 89584 | C80: JOELHO 90 GRAUS, PVC, SERIE R, ÁGUA PLUVIAL, DN 100 MM, JUNTA ELÁSTICA, FORNECIDO E INSTALADO EM CONDUTORES VERTICAIS DE ÁGUAS PLUVIAIS. AF_06/2022 | D80: un. | E80: 20 | F80: 44.93 | G80: =ROUND(F80*L80,2) -> 55.4 | H80: =ROUND(G80*E80,2) -> 1108 | L80: =L79 -> 1.2331
A81: 7.8 | B81: 96486 | C81: FORRO EM RÉGUAS DE PVC, LISO, PARA AMBIENTES COMERCIAIS, INCLUSIVE ESTRUTURA BIDIRECIONAL DE FIXAÇÃO. AF_08/2023_PS | D81: m² | E81: =40+9.63+300.67+6.15+67.59+16.58+8 -> 448.62 | F81: 71.54 | G81: =ROUND(F81*L81,2) -> 88.22 | H81: =ROUND(G81*E81,2) -> 39577.26 | L81: =L75 -> 1.2331
A82: 7.9 | B82: 96121 | C82: ACABAMENTOS PARA FORRO (RODA-FORRO EM PERFIL METÁLICO E PLÁSTICO). AF_08/2023 | D82: m | E82: =2.5*2+3.85*2+4+2.65+12+20.7+24.7+14.65+1.5*2+3.9*12+2*2+2.25*2+4.1*2+3.35*2+6.7*2+5.55*2+2*4 -> 197.1 | F82: 11.76 | G82: =ROUND(F82*L82,2) -> 14.5 | H82: =ROUND(G82*E82,2) -> 2857.95 | L82: =L76 -> 1.2331
A83: 7.10 | B83: 94226 | C83: SUBCOBERTURA COM MANTA PLÁSTICA REVESTIDA POR PELÍCULA DE ALUMÍNO, INCLUSO TRANSPORTE VERTICAL. AF_07/2019 | D83: m | E83: =475 -> 475 | F83: 22.2 | G83: =ROUND(F83*L83,2) -> 27.37 | H83: =ROUND(G83*E83,2) -> 13000.75 | L83: =L77 -> 1.2331
A84: 7.10 | B84: 39517 | C84: PAINEL ACM PARA FECHAMENTOS VERTICAIS (INCLUI PARAFUSOS DE FIXACAO) REVESTIDO EM ACO GALVALUME, LARGURA UTIL DE 1100 MM, REVESTIMENTO COM ESPESSURA DE 0,50 MM, COM PRE-PINTURA NAS DUAS FACES, NUCLEO EM POLIURETANO (PUR) COM ESPESSURA 40/50 MM | D84: m² | E84: =(21*2+27*2)*(1.7+0.8) -> 240 | F84: =1.1*966/(1.5*5) -> 141.68 | G84: =ROUND(F84*L84,2) -> 174.71 | H84: =ROUND(G84*E84,2) -> 41930.4 | L84: =L75 -> 1.2331
A85: 8 | C85: INSTALAÇÕES ELÉTRICAS | H85: =SUM(H87:H120) -> 35500.19
A86: 8.1 | C86: GERAL
A87: 8.1.1 | B87: 39391 | C87: LUMINARIA LED REFLETOR RETANGULAR BIVOLT, LUZ BRANCA, 50 W | D87: un. | E87: 37 | F87: 28.26 | G87: =ROUND(F87*L87,2) -> 34.85 | H87: =ROUND(G87*E87,2) -> 1289.45 | L87: =L78 -> 1.2331
A88: 8.1.2 | B88: 101502 | C88: ENTRADA DE ENERGIA ELÉTRICA, AÉREA, BIFÁSICA, COM CAIXA DE EMBUTIR, CABO DE 16 MM2 E DISJUNTOR DIN 50A (NÃO INCLUSO O POSTE DE CONCRETO). AF_07/2020_PS | D88: un. | E88: 1 | F88: 2187.46 | G88: =ROUND(F88*L88,2) -> 2697.36 | H88: =ROUND(G88*E88,2) -> 2697.36 | L88: =L80 -> 1.2331
A89: 8.1.3 | B89: 100611 | C89: ASSENTAMENTO DE POSTE DE CONCRETO COM COMPRIMENTO NOMINAL DE 11 M, CARGA NOMINAL DE 400 DAN, ENGASTAMENTO BASE CONCRETADA COM 1 M DE CONCRETO E 0,7 M DE SOLO (NÃO INCLUI FORNECIMENTO). AF_04/2025 | D89: un. | E89: 1 | F89: 1062.24 | G89: =ROUND(F89*L89,2) -> 1309.85 | H89: =ROUND(G89*E89,2) -> 1309.85 | L89: =L81 -> 1.2331
A90: 8.1.4 | B90: 41204 | C90: POSTE DE CONCRETO ARMADO DE SECAO DUPLO T, EXTENSAO DE 11,00 M, RESISTENCIA DE 600 DAN, TIPO B | D90: un. | E90: 1 | F90: 1662.69 | G90: =ROUND(F90*L90,2) -> 2050.26 | H90: =ROUND(G90*E90,2) -> 2050.26 | L90: =L82 -> 1.2331
A91: 8.1.5 | B91: 98111 | C91: CAIXA DE INSPEÇÃO PARA ATERRAMENTO, CIRCULAR, EM POLIETILENO, DIÂMETRO INTERNO = 0,3 M. AF_12/2020 | D91: un. | E91: 2 | F91: 54.31 | G91: =ROUND(F91*L91,2) -> 66.97 | H91: =ROUND(G91*E91,2) -> 133.94 | L91: =L83 -> 1.2331
A92: 8.1.6 | B92: 104751 | C92: CONECTOR GRAMPO PARALELO METÁLICO, PARA SPDA, PARA CABOS DE 6 A 50 MM2 - FORNECIMENTO E INSTALAÇÃO. AF_08/2023 | D92: un. | E92: 2 | F92: 25.16 | G92: =ROUND(F92*L92,2) -> 31.02 | H92: =ROUND(G92*E92,2) -> 62.04 | L92: =L84 -> 1.2331
A93: 8.1.7 | B93: 96986 | C93: HASTE DE ATERRAMENTO, DIÂMETRO 3/4", COM 3 METROS - FORNECIMENTO E INSTALAÇÃO. AF_08/2023 | D93: un. | E93: 2 | F93: 123.16 | G93: =ROUND(F93*L93,2) -> 151.87 | H93: =ROUND(G93*E93,2) -> 303.74 | L93: =L92 -> 1.2331
A94: 8.2 | C94: CABEAMENTO
A95: 8.2.1 | B95: 91924 | C95: CABO DE COBRE FLEXÍVEL ISOLADO, 1,5 MM², ANTI-CHAMA 450/750 V, PARA CIRCUITOS TERMINAIS - FORNECIMENTO E INSTALAÇÃO. AF_03/2023 | D95: m | E95: =(12.5*7+3.8+2.7*2+5.3+3.1+4.3+2*4+4+2*4+3.3+2*2+2.2+2*6+1.5*12)*2 -> 337.8 | F95: 3.4 | G95: =ROUND(F95*L95,2) -> 4.19 | H95: =ROUND(G95*E95,2) -> 1415.38 | L95: =L84 -> 1.2331
A96: 8.2.2 | B96: 91932 | C96: CABO DE COBRE FLEXÍVEL ISOLADO, 10 MM², ANTI-CHAMA 450/750 V, PARA CIRCUITOS TERMINAIS - FORNECIMENTO E INSTALAÇÃO. AF_03/2023 | D96: m | E96: =50*3 -> 150 | F96: 18.52 | G96: =ROUND(F96*L96,2) -> 22.84 | H96: =ROUND(G96*E96,2) -> 3426 | L96: =L95 -> 1.2331
A97: 8.2.3 | B97: 91927 | C97: ABO DE COBRE FLEXÍVEL ISOLADO, 2,5 MM², ANTI-CHAMA 0,6/1,0 KV, PARA CIRCUITOS TERMINAIS - FORNECIMENTO E INSTALAÇÃO. AF_03/2023 | D97: m | E97: =(12.5*7+3.8+2.7*2+5.3+3.1+4.3+2*4+4+2*4+3.3+2*2+2.2+2*6+1.5*12)*3 -> 506.7 | F97: 5.45 | G97: =ROUND(F97*L97,2) -> 6.72 | H97: =ROUND(G97*E97,2) -> 3405.02 | L97: =L96 -> 1.2331
A98: 8.2.4 | B98: 91929 | C98: CABO DE COBRE FLEXÍVEL ISOLADO, 4 MM², ANTI-CHAMA 0,6/1,0 KV, PARA CIRCUITOS TERMINAIS - FORNECIMENTO E INSTALAÇÃO. AF_03/2023 | D98: m | E98: =(12.5*4+3.8+2.7*2+5.3+3.1+4.3+2*4+4+2*4+3.3+2*2+2.2+2*6+1.5*12)*2 -> 262.8 | F98: 8 | G98: =ROUND(F98*L98,2) -> 9.86 | H98: =ROUND(G98*E98,2) -> 2591.21 | L98: =L97 -> 1.2331
A99: 8.2.5 | B99: 100553 | C99: CABO COAXIAL RG11 95% - FORNECIMENTO E INSTALAÇÃO. AF_08/2025 | D99: m | E99: =25+2+20 -> 47 | F99: 29.44 | G99: =ROUND(F99*L99,2) -> 36.3 | H99: =ROUND(G99*E99,2) -> 1706.1 | L99: =L87 -> 1.2331
A100: 8.3 | C100: ELETRODUTOS
A101: 8.3.1 | B101: 91835 | C101: ELETRODUTO FLEXÍVEL CORRUGADO REFORÇADO, PVC, DN 25 MM (3/4"), PARA CIRCUITOS TERMINAIS, INSTALADO EM FORRO - FORNECIMENTO E INSTALAÇÃO. AF_03/2023 | D101: m | E101: =E95/2 -> 168.9 | F101: 20.16 | G101: =ROUND(F101*L101,2) -> 24.86 | H101: =ROUND(G101*E101,2) -> 4198.85 | L101: =L88 -> 1.2331
A102: 8.3.2 | B102: 91837 | C102: ELETRODUTO FLEXÍVEL CORRUGADO REFORÇADO, PVC, DN 32 MM (1"), PARA CIRCUITOS TERMINAIS, INSTALADO EM FORRO - FORNECIMENTO E INSTALAÇÃO. AF_03/2023 | D102: m | E102: =E97/3 -> 168.9 | F102: 25.14 | G102: =ROUND(F102*L102,2) -> 31 | H102: =ROUND(G102*E102,2) -> 5235.9 | L102: =L89 -> 1.2331
A103: 8.3.3 | B103: 97667 | C103: ELETRODUTO FLEXÍVEL CORRUGADO, PEAD, DN 50 (1 1/2"), PARA REDE ENTERRADA DE DISTRIBUIÇÃO DE ENERGIA ELÉTRICA - FORNECIMENTO E INSTALAÇÃO. AF_12/2021 | D103: m | E103: =E96/3 -> 50 | F103: 8.23 | G103: =ROUND(F103*L103,2) -> 10.15 | H103: =ROUND(G103*E103,2) -> 507.5 | L103: =L90 -> 1.2331
A104: 8.3.4 | B104: 97668 | C104: ELETRODUTO FLEXÍVEL CORRUGADO, PEAD, DN 63 (2"), PARA REDE ENTERRADA DE DISTRIBUIÇÃO DE ENERGIA ELÉTRICA - FORNECIMENTO E INSTALAÇÃO. AF_12/2021 | D104: m | E104: 50 | F104: 11.69 | G104: =ROUND(F104*L104,2) -> 14.41 | H104: =ROUND(G104*E104,2) -> 720.5 | L104: =L91 -> 1.2331
...

Sheet BDI
B2: MELIM Engenharia e Construtora Ltda.
B3: Av.: Jardim Panorama, 357 - Sumaré - Fone:(47)999886066
B4: 89.165-726 - Rio do Sul - S.C. - CREA/SC nº 062.634-6
B5: CNPJ nº05.309.557/0001-22 I.E. nº 254.468.250
B6: e-mail:melimconstrutora@gmail.com
B11: =[1]Orçamento!A11 -> Propritário: Prefeitura Municipal de Vidal Ramos
B12: =Orçamento!A9 -> Obra:CONSTRUÇÃO DO CENTRO DE CONVIVENCIA DO IDOSO
B13: =Orçamento!A10 -> Endereço: RODOVIA SC 110 - VIDAL RAMOS/SC
B14: ='[2]Ponte 15,00 metros'!A13 -> BDI: | C14: 0.2331
B15: =Orçamento!G9 -> Data: 22/12/25
B18: Taxa Selic | C18: 0.15 | E18: Despesas Financeiras (DF) | H18: 0.0139
B19: ISS MUNI. | C19: 0.05
B20: COMPOSIÇÃO DO BDI
B21: BDI = [((1+ AC + S+ R).(1+DF).(1+L)) / (1-(PIS+COFINS + ISS))]-1
B22: BDI REFERENCIAL | H22: Sem Deso
B23: Grupo | D23: Componentes | H23: Incidências
B24: Despesas Indiretas
B25: A | D25: Administração Central | H25: 0.0461
D26: Seguros + Garantias | H26: 0.0074
D27: Riscos | H27: 0.0097
D28: Despesas Financeiras | H28: 0.0121
B29: Subtotal A | H29: =SUM(H25:H28) -> 0.0753
B30: Tributos
B31: B | D31: COFINS - Contribuição para o financiamento Seguridade Social | H31: 0.03
D32: PIS - Programa de Integração Social | H32: 0.0065
D33: ISS - Imposto Sobre Serviço de Qualquer Natureza | H33: 0.015
D34: CPRB - Contribuição Previdenciária sobre Receita Bruta | H34: 0
B35: Subtotal B | H35: =SUM(H31:H33) -> 0.0515
B36: Bonificação
B37: C | D37: Lucro | H37: 0.0869
B38: Subtotal C | H38: =SUM(H37) -> 0.0869
B39: BDI | H39: =(((1+H25+H26+H27)*(1+H28)*(1+H37))/(1-(H33+H31+H32)))-1 -> 0.23307828
B41: BDI PARA ITENS DE MERO FORNECIMENTO DE MATERIAIS E EQUIPAMENTOS | F41: 0.168
B42: ACÓRDÃO Nº 2622/2013 – TCU – Plenário
D51: ____________________
D52: Nelson Luis Melim
D53: Engenheiro Civil
D54: Crea/SC 52036-9

Sheet Cronogrma
A1: MELIM Engenharia e Construtora Ltda.
A2: Av.: Jardim Panorama, 357 - Sumaré - Fone:(47)999886066
A3: 89.165-726 - Rio do Sul - S.C. - CREA/SC nº 062.634-6
A4: CNPJ nº05.309.557/0001-22 I.E. nº 254.468.250
A5: e-mail:melimconstrutora@gmail.com
A11: =Orçamento!A8 -> Propritário: PREFEITURA MUNICIPAL DE VIDAL RAMOS
A12: =Orçamento!A9 -> Obra:CONSTRUÇÃO DO CENTRO DE CONVIVENCIA DO IDOSO | G12: =Orçamento!G9 -> Data: 22/12/25
A13: =Orçamento!A10 -> Endereço: RODOVIA SC 110 - VIDAL RAMOS/SC | G13: BDI:23,31%
A17: CRONOGRAMA
A18: ITEM | B18: DESCRIÇÃO | C18: TOTAL | D18: % | E18: 1º MES | F18: % | G18: 2º MES | H18: % | I18: 3º MES | J18: % | K18: 4º MES | L18: % | M18: 5º MES | N18: %
A20: 1 | B20: =[1]Orçamento!C21 -> SERVIÇOS INICIAIS | C20: =Orçamento!H15 -> 32357.65 | D20: =C20/C33 -> 0.031960621 | E20: =C20*F20 -> 32357.65 | F20: 1 | G20: =C20*H20 -> 0 | I20: =C20*J20 -> 0 | K20: =C20*L20 -> 0 | M20: =C20*N20 -> 0 | O20: =L20+J20+H20+F20+N20 -> 1
A21: 2 | B21: =Orçamento!C22 -> INFRAESTRUTURA | C21: =Orçamento!H22 -> 38903.76 | D21: =C21/C33 -> 0.038426411 | E21: =C21*F21 -> 38903.76 | F21: 1 | G21: =C21*H21 -> 0 | I21: =C21*J21 -> 0 | K21: =C21*L21 -> 0 | M21: =C21*N21 -> 0 | O21: =L21+J21+H21+F21+N21 -> 1
A22: 3 | B22: =Orçamento!C29 -> SUPERESTRUTURA | C22: =Orçamento!H29 -> 117303.22 | D22: =C22/C33 -> 0.11586391 | E22: =C22*F22 -> 41056.127 | F22: 0.35 | G22: =C22*H22 -> 58651.61 | H22: 0.5 | I22: =C22*J22 -> 17595.483 | J22: 0.15 | K22: =C22*L22 -> 0 | M22: =C22*N22 -> 0 | O22: =L22+J22+H22+F22+N22 -> 1
A23: 4 | B23: =Orçamento!C41 -> ALVENARIA/REVESTIMENTOS VERTICAIS | C23: =Orçamento!H41 -> 132024.96 | D23: =C23/C33 -> 0.13040501 | E23: =C23*F23 -> 0 | G23: =C23*H23 -> 92417.472 | H23: 0.7 | I23: =C23*J23 -> 39607.488 | J23: 0.3 | K23: =C23*L23 -> 0 | M23: =C23*N23 -> 0 | O23: =L23+J23+H23+F23+N23 -> 1
A24: 5 | B24: =Orçamento!C51 -> PISOS/ REVESTIMENTOS HORIZONTAIS | C24: =Orçamento!H51 -> 94425 | D24: =C24/C33 -> 0.093266405 | E24: =C24*F24 -> 0 | G24: =C24*H24 -> 0 | I24: =C24*J24 -> 47212.5 | J24: 0.5 | K24: =C24*L24 -> 37770 | L24: 0.4 | M24: =C24*N24 -> 9442.5 | N24: 0.1 | O24: =L24+J24+H24+F24+N24 -> 1
A25: 6 | B25: =Orçamento!C65 -> ESQUADRIAS | C25: =Orçamento!H65 -> 67366.71 | D25: =C25/C33 -> 0.06654012 | E25: =C25*F25 -> 0 | G25: =C25*H25 -> 0 | I25: =C25*J25 -> 0 | K25: =C25*L25 -> 26946.684 | L25: 0.4 | M25: =C25*N25 -> 40420.026 | N25: 0.6 | O25: =L25+J25+H25+F25+N25 -> 1
A26: 7 | B26: =Orçamento!C73 -> COBERTURA/FORRO | C26: =Orçamento!H73 -> 381776.06 | D26: =C26/C33 -> 0.37709167 | E26: =C26*F26 -> 0 | G26: =C26*H26 -> 0 | I26: =C26*J26 -> 152710.42 | J26: 0.4 | K26: =C26*L26 -> 152710.42 | L26: 0.4 | M26: =C26*N26 -> 76355.212 | N26: 0.2 | O26: =L26+J26+H26+F26+N26 -> 1
A27: 8 | B27: =Orçamento!C85 -> INSTALAÇÕES ELÉTRICAS | C27: =Orçamento!H85 -> 35500.19 | D27: =C27/C33 -> 0.035064602 | E27: =C27*F27 -> 7100.038 | F27: 0.2 | G27: =C27*H27 -> 7100.038 | H27: 0.2 | I27: =C27*J27 -> 7100.038 | J27: 0.2 | K27: =C27*L27 -> 7100.038 | L27: 0.2 | M27: =C27*N27 -> 7100.038 | N27: 0.2 | O27: =L27+J27+H27+F27+N27 -> 1
A28: 9 | B28: =Orçamento!C121 -> INSTALAÇÕES HIDROSSANITÁRIAS | C28: =Orçamento!H121 -> 80757.14 | D28: =C28/C33 -> 0.079766249 | E28: =C28*F28 -> 16151.428 | F28: 0.2 | G28: =C28*H28 -> 16151.428 | H28: 0.2 | I28: =C28*J28 -> 16151.428 | J28: 0.2 | K28: =C28*L28 -> 16151.428 | L28: 0.2 | M28: =C28*N28 -> 16151.428 | N28: 0.2 | O28: =L28+J28+H28+F28+N28 -> 1
A29: 10 | B29: =Orçamento!C181 -> PREVENTIVO / INSTALAÇÃO GÁS | C29: =Orçamento!H181 -> 5758.03 | D29: =C29/C33 -> 0.0056873789 | E29: =C29*F29 -> 0 | G29: =C29*H29 -> 0 | I29: =C29*J29 -> 0 | K29: =C29*L29 -> 0 | M29: =C29*N29 -> 5758.03 | N29: 1 | O29: =L29+J29+H29+F29+N29 -> 1
A30: 11 | B30: =Orçamento!C192 -> PINTURA | C30: =Orçamento!H192 -> 24834.35 | D30: =C30/C33 -> 0.024529632 | E30: =C30*F30 -> 0 | G30: =C30*H30 -> 0 | I30: =C30*J30 -> 0 | K30: =C30*L30 -> 4966.87 | L30: 0.2 | M30: =C30*N30 -> 19867.48 | N30: 0.8 | O30: =L30+J30+H30+F30+N30 -> 1
A31: 12 | B31: =Orçamento!C196 -> LIMPEZA | C31: =Orçamento!H196 -> 1415.36 | D31: =C31/C33 -> 0.0013979935 | E31: =C31*F31 -> 0 | G31: =C31*H31 -> 0 | I31: =C31*J31 -> 1415.36 | J31: 1 | K31: =C31*L31 -> 0 | M31: =C31*N31 -> 0 | O31: =L31+J31+H31+F31+N31 -> 1
A33: SUBTOTAL | C33: =SUM(C20:C31) -> 1012422.4 | D33: =SUM(D20:D31) -> 1 | E33: =SUM(E20:E31) -> 135569 | F33: =E33/C33 -> 0.13390557 | G33: =SUM(G20:G31) -> 174320.55 | H33: =G33/C33 -> 0.17218163 | I33: =SUM(I20:I31) -> 281792.72 | J33: =I33/C33 -> 0.27833512 | K33: =SUM(K20:K31) -> 245645.44 | L33: =K33/C33 -> 0.24263137 | M33: =SUM(M20:M31) -> 175094.71 | N33: =M33/C33 -> 0.1729463
A34: TOTAL ACUMULADO | E34: =E33 -> 135569 | F34: =E34/C33 -> 0.13390557 | G34: =G33+E34 -> 309889.55 | H34: =G34/C33 -> 0.3060872 | I34: =I33+G34 -> 591682.27 | J34: =I34/C33 -> 0.58442233 | K34: =K33+I34 -> 837327.72 | L34: =K34/C33 -> 0.8270537 | M34: =M33+K34 -> 1012422.4 | N34: =M34/C33 -> 1
C43: _______________________
C44: Nelson Luis Melim
C45: Engenheiro Civil
C46: Crea/SC 52036-9
